 Dungeon Crawl Stone Soup version 0.20.1-1-g8b1a95d (webtiles) character file.

58951 letownia2 the Necromancer (level 14, -8/123 (124) HPs)
             Began as a Deep Dwarf Necromancer on Dec 8, 2017.
             Was an Initiate of Gozag.
             Mangled by a catoblepas (13 damage)
             ... on level 15 of the Dungeon.
             The game lasted 01:19:51 (20403 turns).

letownia2 the Necromancer (Deep Dwarf Necromancer) Turns: 20403, Time: 01:19:52

HP:   -8/123 (124)  AC: 14    Str: 15    XL:     14   Next: 51%
MP:   1/36          EV: 17    Int: 25    God:    Gozag
Gold: 3057          SH:  0    Dex: 12    Spells: 19/31 levels left

rFire    + + .     SeeInvis .   a - +3 war axe "Jipsous" {flame, rF++ MR+ Dex-4 Stlth+}
rCold    . . .     Gourm    .   (no shield)
rNeg     + . .     Faith    .   S - +3 ring mail of the Jabberwock {rPois MR- Int+7 Dex+3}
rPois    +         Spirit   .   (no helmet)
rElec    .         Reflect  .   q - scarf {repulsion}
rCorr    .         Harm     .   w - +2 pair of gloves
MR       ++...                  g - +1 pair of boots
Stlth    ++........             (no amulet)
Regen    0.0/turn               u - +4 ring of evasion
MPRegen  0.3/turn               Z - ring of magical power

@: non-regenerating, repel missiles
A: damage resistance, heal wounds, negative energy resistance 1, sense
surroundings 2, no regeneration
a: Heal Wounds, Potion Petition, Call Merchant, Bribe Branch, Renounce Religion


You were on level 15 of the Dungeon.
You worshipped Gozag.
Gozag was most pleased with you.
You were near starving.

You visited 4 branches of the dungeon, and saw 24 of its levels.
You also visited: Ossuary and Bailey.

You collected 5890 gold pieces.
You paid 2833 gold pieces to Gozag.

Inventory:

Hand Weapons
 a - the +3 war axe "Jipsous" (weapon) {flame, rF++ MR+ Dex-4 Stlth+}
   (You found it on level 6 of the Lair of Beasts)

   It has been specially enchanted to burn those struck by it, causing extra
   injury to most foes and up to half again as much damage against particularly
   susceptible opponents.
   Big, fiery blades are also staple armaments of hydra-hunters.
   It affects your dexterity (-4).
   It greatly protects you from fire.
   It affects your resistance to hostile enchantments.
   It makes you more stealthy.
 b - the +8 lance "Wyrmbane" {slay drac, rPois rF+ rC+ AC+3}
   (You found it on level 5 of the Dungeon)

   It affects your AC (+3).
   It protects you from fire.
   It protects you from cold.
   It protects you from poison.
 k - a +1 vampiric glaive
 s - a +1 bardiche
 F - a +1 longbow of flaming
Missiles
 o - 7 curare-tipped needles
 t - 4 javelins (quivered)
 z - 2 throwing nets
 D - 39 arrows
Armour
 g - a +1 pair of boots (worn)
 q - a scarf of repulsion (worn)
 w - a +2 pair of gloves (worn)
 S - the +3 ring mail of the Jabberwock (worn) {rPois MR- Int+7 Dex+3}
   (You found it on level 8 of the Dungeon)

   It affects your intelligence (+7).
   It affects your dexterity (+3).
   It protects you from poison.
   It affects your resistance to hostile enchantments.
 X - +1 gold dragon scales
Jewellery
 n - an uncursed ring of protection from fire
 r - an uncursed ring of see invisible
 u - a +4 ring of evasion (left hand)
 y - an uncursed ring of ice
 T - an uncursed ring of wizardry
 Z - a ring of magical power (right hand)
Wands
 d - a wand of acid (5/15)
 m - a wand of iceblast (8/15)
 M - a wand of disintegration (3/24)
 N - a wand of lightning (4/15)
 P - a wand of paralysis (5/24)
 Q - a wand of flame (19/48)
 V - a wand of flame (24/48)
 W - a wand of lightning (9/15)
Scrolls
 e - 3 scrolls of fog
 i - a scroll of enchant armour
 v - 4 scrolls of remove curse
 x - 2 scrolls of teleportation
 I - 4 scrolls of recharging
Potions
 f - 2 potions of ambrosia
 h - 14 potions of curing {unknown}
 j - 6 potions of might {unknown}
 A - 2 potions of haste
 B - 7 potions of flight
 C - 2 potions of agility
 E - 2 potions of lignification
 G - 5 potions of heal wounds
 K - 2 potions of mutation
 L - 3 potions of berserk rage
 O - 2 potions of invisibility
 R - a potion of magic
 U - a potion of brilliance
Books
 Y - a book of Burglary

   Spells                             Type                      Level
   a - Swiftness                      Charms/Air                   2
   b - Passwall                       Transmutation/Earth          2
   c - Passage of Golubria            Translocation                4
   d - Lee's Rapid Deconstruction     Earth                        5
   e - Darkness                       Hexes                        6
   f - Invisibility                   Hexes                        6
Comestibles
 c - 6 bread rations
 l - 4 fruits
 H - 2 royal jellies
 J - 12 meat rations


   Skills:
 - Level 7.8 Fighting
 + Level 15.1 Axes
 - Level 5.6 Armour
 - Level 4.8 Dodging
 - Level 2.4 Stealth
 - Level 9.1 Spellcasting
 - Level 15.8 Necromancy
 - Level 6.7 Evocations


You had 19 spell levels left.
You knew the following spells:

 Your Spells              Type           Power        Failure   Level  Hunger
a - Pain                  Necr           ####         0%          1    None
j - Portal Projectile     Hex/Tloc       ##....       30%         3    None
s - Swiftness             Chrm/Air       ##......     16%         2    None
v - Vampiric Draining     Necr           ######....   1%          3    None
x - Inner Flame           Hex/Fire       ##......     30%         3    None


Dungeon Overview and Level Annotations

Branches:
Dungeon (15/15)            Temple (1/1) D:5            Lair (6/6) D:10
  Slime (0/5) Lair:5          Orc (2/2) D:10         Vaults (0/5) D:14
  Swamp: Lair:2-4    Shoals: Lair:2-4     Snake: Lair:2-4    Spider: Lair:2-4
    Elf: Orc:2       Depths: D:15

Altars:
Ashenzari
Cheibriados
Dithmenos
Fedhas
Gozag
Hepliaklqana
Kikubaaqudgha
Makhleb
Nemelex Xobeh
Okawaru
Qazlal
Sif Muna
Trog
Xom
Yredelemnul
Zin
Beogh

Shops:
D:4 ?   D:10 ?=   Lair:2 *[

Annotations:
D:3 AGinkyLinky's ghost, amateur MiBe
D:5 exclusion: troll
D:8 Gastronok
D:12 Nergalle


Innate Abilities, Weirdness & Mutations

You are resistant to damage.
You can heal yourself by infusing magical energy.
You resist negative energy. (rN+)
You passively map the area around you.
You do not regenerate.


Message History

The catoblepas is heavily wounded.
The catoblepas breathes a plume of calcifying dust at you.
The blast of calcifying dust hits you!
Your ring mail of the Jabberwock prevents you from hitting the catoblepas.
The catoblepas is heavily wounded.
You are engulfed in calcifying dust.
The catoblepas breathes a plume of calcifying dust at you.
The blast of calcifying dust hits you!
Unknown command.
The catoblepas gores you!!
* * * LOW HITPOINT WARNING * * *
Unknown command.
Unknown command.
You hit the catoblepas but do no damage.
The catoblepas is heavily wounded.
Your ring mail of the Jabberwock prevents you from hitting the catoblepas.
The catoblepas is heavily wounded.
The catoblepas gores you!
You die...
Your body crumbles into a pile of gold.

...# #.#.# ###.###.....#.#
#### #.#.# #...........#
#.#.# #.........#.# #.#.#
#..#####..#.# #.#.# ###..#
#..... #...# #....#,,
......# ############..#
##.#### , .###. # #........#
#..###§.#⌠.##+#.. ,
..######.# #..#.@Y.#,.......
### #.# #..#..####.......
#.###....$$.Y#....... , ###
#........#...'..._... , ..#
#..##..#.#...#.......
..######..##....###.#.......
*
......[[..)<...............?
,,
########(..........#⌠.##+##.
##.###.###..#### , ** ,


You could see a catoblepas.

Vanquished Creatures
  Kirke (Lair:5)
  Nessos (D:12)
  The ghost of Doomer the Cleaver, a journeyman MiFi of Qazlal (Orc:1)
  3 hydras
  4 vault guards (D:14)
  3 catoblepae
  A centaur warrior (D:14)
  A death knight (D:15)
  A deep troll shaman (Lair:6)
  7 two-headed ogres
  3 death yaks (Lair:6)
  3 unseen horrors
  An orc knight (D:15)
  2 deep elf magi (D:15)
  2 ugly things
  4 cyclopes
  2 manticores
  8 elephants
  The ghost of othur the Basher, a novice GrFi of Makhleb (D:6)
  3 black mambas
  4 spiny frogs
  Psyche (D:7)
  5 centaur skeletons
  A rime drake (Lair:4)
  2 komodo dragons
  2 freezing wraiths (D:15)
  A harpy zombie (D:15)
  A redback zombie (D:14)
  3 trolls
  A hornet (D:13)
  5 polar bears
  5 blink frogs (Lair:4)
  4 hippogriffs
  16 dream sheep
  5 slime creatures
  A shadow (D:14)
  A water elemental (D:12)
  2 wyverns
  4 hogs
  2 humans (Lair:5)
  A wraith (D:11)
  19 yaks
  A hungry ghost (D:10)
  6 vampire mosquitoes
  2 basilisks
  2 steam dragons
  An acid dragon (D:11)
  A swamp worm (Lair:2)
  15 water moccasins
  A water moccasin (shapeshifter) (D:14)
  12 orc warriors
  6 ice beasts
  2 necrophages (D:12)
  2 phantoms
  4 sky beasts
  7 ogres
  8 wolves
  An eye of draining (D:12)
  14 centaurs
  4 big kobolds
  10 crocodiles
  11 bullfrogs
  2 gnoll sergeants
  4 water moccasin zombies (Ossuary)
  A wyvern skeleton (D:13)
  4 scorpions
  18 killer bees
  16 wights
  4 howler monkeys
  3 crimson imps
  4 centaur zombies
  5 hounds
  13 orc priests
  6 jellies
  15 orc wizards
  2 iguanas
  17 worker ants
  3 big kobold zombies (Ossuary)
  A hound skeleton (D:9)
  2 howler monkey zombies
  2 mummies (Ossuary)
  A worker ant zombie (D:5)
  10 gnolls
  2 howler monkey skeletons (D:7)
  18 adders
  4 shadow imps
  An ooze (D:7)
  An adder skeleton (D:4)
  13 adder zombies
  A worm (D:3)
  2 dart slugs (D:1)
  5 leopard geckos
  72 orcs
  7 bats
  4 giant cockroaches
  3 gnoll zombies (Ossuary)
  15 goblins
  8 hobgoblins
  9 jackals
  14 kobolds
  4 quokkas
  4 ball pythons
  4 frilled lizards
  6 hobgoblin zombies (Ossuary)
  2 kobold zombies (Ossuary)
  6 orc zombies (Ossuary)
  A quokka skeleton (D:4)
  A quokka zombie (D:5)
  7 rats
  A fungus (Lair:6)
  A plant (Lair:6)
597 creatures vanquished.

Vanquished Creatures (others)
  A porcupine (Lair:5)
  2 bushes (Lair:5)
  6 fungi
  7 plants
16 creatures vanquished.

Grand Total: 613 creatures vanquished

Notes
Turn   | Place    | Note
-------+----------+-------------------------------------------
     0 | D:1      | letownia2 the Deep Dwarf Necromancer began the quest for the Orb.
     0 | D:1      | Reached XP level 1. HP: 15/15 MP: 3/3
   145 | D:2      | Reached XP level 2. HP: 20/22 MP: 0/5
   216 | D:2      | Reached skill level 5 in Necromancy
   273 | D:2      | Reached XP level 3. HP: 24/28 MP: 1/6
   278 | D:2      | Learned a level 3 spell: Vampiric Draining
   372 | D:3      | Noticed AGinkyLinky's ghost (amateur MiBe)
   484 | D:4      | Noticed an ice beast
   599 | D:4      | Reached XP level 4. HP: 21/36 MP: 1/7
   788 | D:4      | Found a snail-covered altar of Cheibriados.
   802 | D:4      | Found a blossoming altar of Fedhas.
   832 | D:4      | Found a sparkling altar of Nemelex Xobeh.
   847 | D:4      | Found a glowing silver altar of Zin.
   933 | D:4      | Reached XP level 5. HP: 32/42 MP: 0/8
  1193 | D:4      | Reached XP level 6. HP: 37/49 MP: 4/9
  1370 | D:4      | Found Jopoin's Magic Scroll Shop.
  1491 | D:4      | Killed an ice beast
  1518 | D:4      | Learned a level 3 spell: Inner Flame
  1522 | D:4      | Learned a level 3 spell: Portal Projectile
  1523 | D:5      | Entered Level 5 of the Dungeon
  1533 | D:5      | Found a blossoming altar of Fedhas.
  1698 | D:5      | Noticed a troll
  1787 | D:5      | Found a staircase to the Ecumenical Temple.
  1898 | Temple   | Entered the Ecumenical Temple
  1917 | Temple   | Became a worshipper of Gozag Ym Sagoz the Greedy
  2053 | D:5      | Reached skill level 1 in Armour
  2058 | D:5      | Reached XP level 7. HP: 50/55 MP: 2/12
  4001 | D:4      | Reached skill level 1 in Fighting
  4193 | D:6      | Reached XP level 8. HP: 35/68 MP: 1/14
  4295 | D:6      | Found a sand-covered staircase.
  4407 | Ossuary  | Entered an ossuary
  4427 | Ossuary  | Reached skill level 5 in Spellcasting
  4782 | D:6      | Noticed othur's ghost (novice GrFi)
  5158 | D:6      | Found a deep blue altar of Sif Muna.
  5253 | D:6      | Gained mutation: You passively map the area around you. [Deep Dwarf growth]
  5253 | D:6      | Reached XP level 9. HP: 56/76 MP: 20/20
  5960 | D:8      | Noticed a two-headed ogre
  5985 | D:8      | Noticed Gastronok
  5987 | D:8      | Noticed Psyche
  6024 | D:7      | Killed Psyche
  6094 | D:7      | Reached skill level 1 in Axes
  6471 | D:8      | Reached skill level 1 in Evocations
  6503 | D:8      | Killed a two-headed ogre
  6503 | D:8      | Reached XP level 10. HP: 65/87 MP: 16/23
  6540 | D:8      | Noticed a hell beast
  6542 | D:8      | Noticed a rust devil
  6542 | D:8      | Found an ancient bone altar of Kikubaaqudgha.
  6544 | D:8      | Noticed a rust devil
  6544 | D:8      | Noticed a rust devil
  6551 | D:8      | Noticed a two-headed ogre
  6566 | D:8      | Killed a two-headed ogre
  6597 | D:8      | Reached skill level 5 in Fighting
  7043 | D:8      | Got a translucent ring mail
  7141 | D:8      | Identified the +3 ring mail of the Jabberwock {rPois MR- Int+7 Dex+3} (You found it on level 8 of the Dungeon)
  7577 | D:8      | Found a shimmering altar of Xom.
  7607 | D:8      | Noticed a three-headed hydra
  7615 | D:8      | Killed a three-headed hydra
  7615 | D:8      | Reached skill level 5 in Axes
  7615 | D:8      | Reached skill level 10 in Necromancy
  7615 | D:8      | Reached skill level 5 in Evocations
  7830 | D:9      | Found an iron altar of Okawaru.
  7903 | D:9      | Reached XP level 11. HP: 80/94 MP: 10/24
  8052 | D:9      | Found a stormy altar of Qazlal.
  8280 | D:6      | Killed othur's ghost
  8418 | D:10     | Entered Level 10 of the Dungeon
  8506 | D:10     | Found a staircase to the Orcish Mines.
  8833 | D:10     | Reached skill level 5 in Armour
  8904 | D:10     | Found a staircase to the Lair.
  9040 | D:10     | Found a roughly hewn altar of Beogh.
  9362 | D:10     | Killed an unseen horror
  9378 | Orc:1    | Entered Level 1 of the Orcish Mines
  9378 | Orc:1    | Noticed Doomer's ghost (journeyman MiFi)
 10539 | Lair:1   | Entered Level 1 of the Lair of Beasts
 11497 | Lair:3   | Learned a level 3 spell: Ozocubu's Armour
 11589 | Lair:4   | Reached XP level 12. HP: 98/103 MP: 25/25
 11776 | Lair:5   | Found a staircase to the Slime Pits.
 11928 | Lair:5   | Noticed Kirke
 12300 | Lair:6   | Entered Level 6 of the Lair of Beasts
 12313 | Lair:6   | Reached skill level 10 in Axes
 12395 | Lair:6   | Noticed a catoblepas
 12400 | Lair:6   | Got a warped war axe
 12416 | Lair:5   | Identified the +3 war axe "Jipsous" {flame, rF++ MR+ Dex-4 Stlth+} (You found it on level 6 of the Lair of Beasts)
 12431 | Lair:6   | Killed a catoblepas
 12725 | Lair:6   | Noticed a death yak
 12725 | Lair:6   | Noticed a death yak
 12725 | Lair:6   | Noticed a death yak
 12725 | Lair:6   | Noticed a catoblepas
 12768 | Lair:6   | Killed a catoblepas
 12807 | Lair:6   | Noticed a six-headed hydra
 13074 | Lair:6   | Killed a death yak
 13328 | Lair:6   | Killed a four-headed hydra
 13346 | Lair:6   | Killed a death yak
 13621 | Lair:6   | Reached XP level 13. HP: 91/115 MP: 16/26
 15076 | Lair:5   | Killed Kirke
 15404 | Orc:1    | Killed Doomer's ghost
 15583 | Orc:2    | Entered Level 2 of the Orcish Mines
 15597 | Orc:2    | Noticed an ettin
 15832 | D:12     | Noticed Nessos
 15845 | D:12     | Killed Nessos
 15988 | D:12     | Noticed Nergalle
 16195 | D:13     | Found a flagged portal.
 16289 | Bailey   | Entered a bailey
 16713 | Bailey   | Got a distressingly furry large shield
 16719 | Bailey   | Identified the +8 large shield of Ruabedee {Int+4} (You found it in a bailey)
 16962 | D:13     | Paralysed by a hornet for 1 turns
 17233 | D:14     | Reached skill level 15 in Necromancy
 17340 | D:15     | Entered Level 15 of the Dungeon
 17364 | D:14     | Found a gate to the Vaults.
 17725 | D:15     | Gained mutation: You resist negative energy. (rN+) [Deep Dwarf growth]
 17725 | D:15     | Reached XP level 14. HP: 98/123 MP: 12/27
 18302 | D:13     | HP: 4/123 [white ugly thing (28)]
 19245 | D:13     | Learned a level 2 spell: Swiftness
 19380 | D:14     | Got a crude rapier
 19381 | D:14     | Identified the +10 rapier "Lued" {pierce, rC+ Str+2 Int-5} (You found it on level 14 of the Dungeon)
 20292 | D:15     | Reached skill level 15 in Axes
 20376 | D:15     | Found a shattered altar of Ashenzari.
 20401 | D:15     | HP: 5/123 [catoblepas (19)]
 20403 | D:15     | Mangled by a catoblepas

Skill      XL: |  1  2  3  4  5  6  7  8  9 10 11 12 13 14 |
---------------+-------------------------------------------+-----
Spellcasting   | 2 3 4 7 9 |  9.1
Necromancy     | 5 6 7 8 9 10 12 13 15 | 15.8
Armour         | 2 3 5 |  5.6
Fighting       | 2 3 4 5 7 |  7.8
Axes           | 3 5 8 11 13 15 | 15.1
Evocations     | 2 5 6 |  6.7
Dodging        | 4 |  4.8
Stealth        | |  2.4

Action                   |  1- 3 |  4- 6 |  7- 9 | 10-12 | 13-15 || total
-------------------------+-------+-------+-------+-------+-------++-------
Melee: Unarmed           |     6 |       |       |       |     4 ||    10
       Hand axe          |    16 |    29 |       |       |       ||    45
       Lance             |       |    11 |   399 |   519 |       ||   929
       War axe           |       |       |       |   106 |   332 ||   438
Throw: Javelin           |       |       |     1 |     1 |     1 ||     3
 Cast: Pain              |    32 |    25 |   101 |     2 |    57 ||   217
       Vampiric Draining |     1 |    16 |    59 |   314 |   360 ||   750
Invok: Call Merchant     |       |       |       |     3 |     1 ||     4
Evoke: Wand              |       |       |     2 |    16 |    26 ||    44
  Use: Scroll            |       |     1 |     2 |    16 |    15 ||    34
       Potion            |       |       |       |       |     1 ||     1
 Stab: Sleeping          |       |       |     5 |     2 |     1 ||     8
       Distracted        |       |       |     1 |     4 |     2 ||     7
       Petrified         |       |       |       |     2 |       ||     2
       Paralysed         |       |       |       |       |     3 ||     3
  Eat: Chunk             |       |     5 |       |       |       ||     5
       Bread ration      |       |       |     1 |     1 |     1 ||     3
       Meat ration       |       |       |     1 |       |       ||     1
       Royal jelly       |       |       |     5 |     7 |       ||    12
       Fruit             |       |       |       |     8 |    14 ||    22
Armor: Robe              |    27 |     6 |       |       |       ||    33
       Ring mail         |       |    11 |   196 |   387 |   337 ||   931
Dodge: Dodged            |    73 |    46 |   279 |   588 |   465 ||  1451
       Deflected         |       |     2 |     2 |    10 |    20 ||    34
